Map: Proxima Station LE

Players

ShoWTimE - Winner!

  • Race: Protoss Protoss
  • Spawn Location: 1:00

Elazer

  • Race: Zerg Zerg
  • League: Master
  • Spawn Location: 7:00

Event: HomeStory Cup XV

VOD

Have the link to the VOD?

Description

Time

  • Played on: July 23, 2017, 11:01 a.m.
  • Length: 14:54

All games in this series

Show
View Real Time Build Order
Export as new Build Order

ShoWTimE Protoss - Winner!

Build Orders: 1 Gate Expand 

Get SALT Encoding   

  12  0:00  Probe (Chrono Boost)  
  13  0:11  Probe (Chrono Boost)  
  14  0:19  Pylon  
  14  0:23  Probe (Chrono Boost)  
  15  0:37  Probe (Chrono Boost)  
  15  0:40  Gateway  
  16  0:47  Probe (Chrono Boost)  
  17  0:50  Assimilator  
  17  0:58  Probe (Chrono Boost)  
  18  1:08  Probe (Chrono Boost)  
  19  1:24  Nexus  
  19  1:27  Probe (Chrono Boost)  
  20  1:37  Cybernetics Core  
  20  1:40  Probe (Chrono Boost)  
  20  1:45  Assimilator  
  21  1:50  Probe (Chrono Boost)  
  22  1:55  Pylon  
  23  2:01  Probe (Chrono Boost)  
  23  2:13  Probe (Chrono Boost), Adept (Chrono Boost)  
  23  2:14  Warp Gate  
  26  2:25  Probe, Twilight Council  
  27  2:35  Probe  
  28  2:37  Probe  
  28  2:40  Stalker (Chrono Boost)  
  31  2:45  Probe  
  31  2:49  Probe  
  33  2:56  Probe  
  34  3:01  Probe (Chrono Boost)  
  34  3:05  Resonating Glaives (Chrono Boost), Robotics Facility  
  35  3:07  Probe (Chrono Boost)  
  36  3:13  Probe (Chrono Boost)  
  37  3:22  Gateway  
  37  3:26  Gateway  
  37  3:29  Probe  
  37  3:30  Probe  
  39  3:38  Pylon  
  39  3:40  Probe  
  39  3:41  Probe  
  41  3:52  Warp Prism (Chrono Boost)  
  41  3:53  Probe x2  
  45  3:57  Assimilator  
  45  4:00  Assimilator  
  45  4:02  Pylon  
  45  4:05  Probe x2  
  49  4:17  Probe, Mothership Core  
  49  4:20  Adept x2  
  49  4:21  Adept  
  56  4:27  Pylon  
  56  4:29  Probe  
  57  4:32  Pylon  
  58  4:38  Probe  
  58  4:41  Observer (Chrono Boost), Probe  
  60  4:50  Probe  
  61  4:52  Adept x2  
  61  4:53  Adept  
  61  4:54  Probe  
  68  5:02  Probe  
  68  5:06  Probe  
  66  5:14  Probe  
  66  5:15  Nexus  
  66  5:18  Probe  
  66  5:19  Pylon  
  64  5:23  Immortal (Chrono Boost)  
  64  5:25  Sentry x2  
  64  5:27  Sentry  
  74  5:30  Probe x2  
  74  5:32  Charge  
  76  5:42  Probe x2  
  78  5:47  Forge  
  78  5:53  Pylon  
  78  5:54  Probe x2  
  80  5:59  Pylon, Immortal (Chrono Boost)  
  84  6:06  Probe x2  
  84  6:08  Templar Archives  
  86  6:17  Pylon  
  86  6:19  Stalker  
  86  6:21  Pylon, Stalker  
  90  6:27  Stalker  
  90  6:31  Probe  
  90  6:32  Probe x2  
  94  6:37  Immortal (Chrono Boost)  
  99  6:40  Protoss Ground Weapons Level 1 (Chrono Boost)  
  99  6:45  Pylon  
  99  6:46  Zealot  
  101  6:49  Sentry  
  101  7:02  Sentry  
  101  7:08  Gateway  
  101  7:14  Pylon, Gateway  
  105  7:15  Immortal  
  105  7:22  Pylon  
  103  7:32  Pylon  
  103  7:34  Pylon  
  103  7:42  Gateway  
  103  7:45  Pylon  
  103  7:47  Pylon  
  103  7:49  Pylon  
  103  7:54  Immortal  
  103  7:56  Zealot x3  
  103  8:19  Protoss Ground Weapons Level 2 (Chrono Boost)  
  101  8:22  High Templar  
  101  8:23  Zealot x2, High Templar  
  101  8:26  Pylon  
  109  8:28  Gateway  
  109  8:30  Gateway  
  109  8:32  Gateway, Archon  
  109  8:33  Zealot  
  111  8:36  Immortal  
  111  8:53  Nexus  
  109  9:01  Pylon, High Templar x2  
  109  9:02  High Templar x2  
  117  9:04  High Templar  
  117  9:05  High Templar  
  121  9:11  Archon x2  
  121  9:12  Archon  
  121  9:20  Pylon  
  121  9:22  Nexus  
  121  9:33  Zealot, High Templar x2  
  121  9:34  Zealot x2  
  131  9:38  Zealot, Archon  
  131  9:39  Zealot x2  
  131  9:45  Zealot  
  137  10:00  Zealot x2  
  137  10:01  Zealot x3  
  137  10:19  Immortal (Chrono Boost)  
  101  10:28  Zealot x4  
  101  10:29  Zealot  
  93  10:36  High Templar x3  
  93  10:42  High Templar, Archon  
  101  10:47  Pylon  
  101  10:50  Archon  
  101  10:51  Zealot x2  
  105  11:03  Immortal (Chrono Boost)  
  109  11:08  Probe, Pylon  
  110  11:16  Probe  
  110  11:17  High Templar x2  
  115  11:21  Protoss Ground Armor Level 1, Archon  
  115  11:25  Zealot x4  
  119  11:30  Probe x3  
  119  11:31  Probe, Assimilator  
  127  11:34  Assimilator  
  127  11:41  Probe, High Templar x2  
  127  11:42  Probe  
  127  11:43  Probe x2  
  133  11:49  Archon  
  133  11:50  Zealot x2  
  137  11:56  Zealot x3  
  143  12:04  Zealot x2  
  143  12:07  Probe  
  143  12:08  Probe x2  
  146  12:10  High Templar  
  146  12:11  High Templar  
  146  12:14  Archon  
  150  12:17  Pylon  
  150  12:20  Zealot, Pylon  
  150  12:21  Zealot x2  
  154  12:29  Immortal (Chrono Boost)  
  146  12:38  Zealot x3  
  149  12:46  Pylon  
  149  12:50  High Templar x2  
  150  12:54  Probe  
  150  12:56  Archon  
  150  12:58  Pylon, Assimilator  
  151  12:59  Zealot x2, High Templar x2  
  151  13:04  Assimilator  
  159  13:07  Sentry  
  159  13:10  Archon  
  160  13:22  Zealot x2  
  164  13:29  Zealot x2  
  164  13:34  Pylon  
  166  13:36  Zealot  
  168  13:41  Probe  
  168  13:43  High Templar x4  
  168  13:47  Archon x2  
  177  13:52  Pylon  
  173  13:56  Immortal (Chrono Boost)  
  173  13:59  Probe x2  
  173  14:02  Zealot x3  
  177  14:12  Pylon  
  175  14:24  High Templar  
  175  14:25  Zealot x2, High Templar  
  175  14:29  Archon  
  175  14:30  Nexus  
  183  14:38  Zealot x4  
Show
View Real Time Build Order
Export as new Build Order

Elazer Zerg 

Build Orders: Hatch First 

Get SALT Encoding   

  12  0:00  Drone  
  13  0:12  Overlord  
  13  0:17  Drone  
  14  0:30  Drone x2  
  14  0:34  Drone  
  17  0:54  Drone  
  18  0:58  Drone  
  18  1:03  Hatchery  
  18  1:08  Extractor  
  17  1:13  Spawning Pool  
  17  1:16  Drone  
  17  1:20  Drone  
  18  1:28  Drone  
  19  1:39  Overlord  
  19  1:50  Drone  
  20  1:59  Queen  
  20  2:00  Zergling x2  
  23  2:08  Metabolic Boost  
  23  2:11  Zergling x2  
  23  2:15  Queen, Drone  
  26  2:21  Drone  
  28  2:27  Drone  
  29  2:32  Drone  
  30  2:39  Drone  
  31  2:45  Hatchery, Drone  
  31  2:47  Drone  
  31  2:51  Pneumatized Carapace  
  32  2:56  Drone  
  33  3:02  Overlord  
  33  3:05  Drone  
  34  3:07  Drone x2  
  36  3:23  Queen  
  36  3:25  Drone x4  
  42  3:27  Drone  
  42  3:31  Overlord  
  43  3:38  Drone  
  44  3:46  Roach Warren  
  43  3:48  Overlord  
  43  3:50  Extractor, Drone x3  
  43  3:53  Queen  
  47  3:55  Drone  
  47  4:01  Drone x3  
  51  4:06  Drone, Overlord  
  51  4:08  Drone  
  53  4:12  Overlord  
  53  4:22  Zergling x8  
  57  4:28  Lair  
  57  4:29  Roach  
  57  4:30  Roach x2  
  63  4:35  Overlord  
  63  4:36  Roach  
  65  4:40  Queen  
  65  4:44  Roach x2  
  71  4:48  Roach x2  
  71  4:52  Overlord  
  75  4:53  Extractor  
  75  4:54  Drone x2  
  75  4:56  Drone  
  77  5:00  Drone  
  77  5:01  Drone  
  77  5:02  Drone x2  
  77  5:05  Drone  
  78  5:07  Drone  
  78  5:11  Overlord  
  78  5:14  Drone x2  
  77  5:15  Drone x2  
  77  5:16  Drone  
  77  5:21  Queen  
  80  5:26  Evolution Chamber  
  80  5:27  Glial Reconstitution, Extractor  
  80  5:32  Overlord  
  77  5:40  Roach  
  77  5:41  Roach  
  76  5:52  Roach x6  
  90  5:57  Roach x2  
  90  5:59  Roach  
  94  6:05  Zergling x8  
  94  6:10  Overlord  
  98  6:13  Zergling x4  
  98  6:17  Zergling x4  
  102  6:21  Ravager  
  102  6:23  Overlord  
  103  6:26  Zergling x6  
  103  6:28  Ravager x2  
  103  6:29  Ravager  
  109  6:33  Ravager  
  109  6:34  Zergling x4  
  109  6:38  Zergling x6  
  115  6:43  Ravager  
  116  6:49  Zergling x2  
  116  6:50  Zergling x4  
  115  6:56  Zergling x12  
  115  6:59  Zergling x2  
  111  7:04  Drone x3  
  111  7:05  Ravager  
  111  7:07  Drone x2  
  116  7:09  Drone  
  116  7:12  Zerg Missile Weapons Level 1  
  116  7:14  Drone  
  115  7:16  Drone  
  115  7:17  Drone  
  115  7:21  Drone x2  
  119  7:24  Drone  
  119  7:28  Drone  
  119  7:29  Drone x2  
  123  7:30  Drone  
  123  7:31  Drone  
  125  7:37  Drone  
  125  7:39  Drone x2  
  124  7:46  Drone x2  
  124  7:47  Extractor, Hydralisk Den  
  124  7:48  Overlord  
  124  7:49  Drone  
  124  7:52  Drone x2  
  122  7:58  Queen  
  122  8:02  Drone x3  
  115  8:16  Drone x2  
  115  8:17  Drone x2  
  115  8:18  Extractor  
  115  8:19  Muscular Augments  
  116  8:20  Extractor  
  116  8:22  Hydralisk  
  116  8:23  Hydralisk x3  
  123  8:27  Hydralisk  
  123  8:29  Ravager  
  126  8:38  Hydralisk  
  126  8:39  Hydralisk x4  
  133  8:47  Drone x5  
  135  8:52  Hydralisk  
  137  8:59  Overlord  
  137  9:04  Drone  
  137  9:07  Overlord x3  
  137  9:08  Zerg Missile Weapons Level 2  
  138  9:13  Baneling Nest  
  137  9:21  Hydralisk x3  
  143  9:25  Drone x2  
  143  9:27  Hatchery, Hydralisk  
  146  9:34  Hydralisk x3  
  152  9:40  Hydralisk x2  
  156  9:47  Zergling x14  
  163  9:53  Hydralisk x2  
  163  9:55  Overseer  
  163  9:58  Baneling x6  
  163  9:59  Baneling x2  
  167  10:05  Centrifical Hooks  
  166  10:07  Baneling x6  
  166  10:12  Hydralisk  
  150  10:24  Zergling x16  
  124  10:29  Hydralisk  
  124  10:33  Hydralisk x4  
  108  10:37  Hydralisk x2  
  108  10:40  Hydralisk  
  112  10:43  Hydralisk  
  112  10:49  Hydralisk  
  104  10:50  Hydralisk x2  
  104  10:53  Hydralisk  
  110  11:00  Hydralisk x3  
  116  11:05  Hydralisk  
  115  11:19  Hydralisk x3  
  115  11:21  Zergling x4  
  115  11:22  Zergling x6  
  115  11:24  Zerg Melee Weapons Level 1  
  126  11:31  Overseer  
  126  11:34  Hatchery  
  125  11:40  Hydralisk  
  125  11:41  Hydralisk x2  
  130  11:47  Hydralisk x3  
  130  11:52  Hydralisk  
  137  12:15  Hydralisk x4  
  137  12:22  Zergling x4  
  145  12:24  Hatchery  
  145  12:29  Zergling x14  
  145  12:41  Hydralisk  
  145  12:43  Overlord x3  
  145  12:57  Queen  
  145  13:02  Hydralisk  
  145  13:03  Hydralisk x2  
  145  13:05  Zergling x10  
  150  13:23  Hydralisk x8  
  158  13:34  Hydralisk x3  
  158  13:38  Hydralisk x3  
  169  13:44  Hydralisk x3  
  171  13:48  Zergling x2  
  171  13:49  Zergling x4  
  171  13:55  Zergling x4  
  175  13:56  Baneling  
  175  13:57  Baneling x9  
  167  14:03  Zergling x2  
  167  14:04  Zergling x8  
  172  14:11  Baneling  
  172  14:12  Baneling x7  
  172  14:14  Zergling x8  
  172  14:16  Overlord  
  176  14:23  Zergling x2  
  176  14:24  Zergling x2  
  176  14:30  Baneling x4  
  176  14:31  Baneling x10  
Tags
 
Add a new tag
Caveats
  • Supply blocks, unpowered buildings, or Contaminate may cause inaccurate times.
  • Supply counts are checked every 10 seconds.